PCL
REDWOOD CITY REDWOODS @ TEXARKANA BEARS
06/12/2030
 
TOP OF THE 1ST
Redwood City Redwoods batting - Pitching for Texarkana Bears : RHP Jesús Sosa
Pitching: RHP Jesús Sosa
Batting: LHB Tim Ramsey 0-0: Called Strike
0-1: Fly out, F7 (Flyball, 7LS)
Batting: LHB Keith Green 0-0: Ball
1-0: Fly out, F8 (Flyball, 8LM)
Batting: LHB Vicente Chávez 0-0: Ball
1-0: Foul Ball, location: 2F
1-1: Foul Ball, location: 2F
1-2: Ground out 5-3 (Groundball, 5)
Top of the 1st over - 0 runs, 0 hits, 0 errors, 0 left on base; Redwood City 0 - Texarkana 0
BOTTOM OF THE 1ST
Texarkana Bears batting - Pitching for Redwood City Redwoods : RHP Carlos Rodríguez
Pitching: RHP Carlos Rodríguez
Batting: LHB Alberto Medine 0-0: Called Strike
0-1: Called Strike
0-2: Ball
1-2: Ball
2-2: Fly out, F9 (Flyball, 9S)
Batting: RHB Jaime Delgado 0-0: Called Strike
0-1: Ground out U3 (Groundball, 3)
Batting: RHB Billy Campbell 0-0: Ball
1-0: Ball
2-0: Called Strike
2-1: Fly out, F4 (Flyball, 34D)
Bottom of the 1st over - 0 runs, 0 hits, 0 errors, 0 left on base; Redwood City 0 - Texarkana 0
TOP OF THE 2ND
Redwood City Redwoods batting - Pitching for Texarkana Bears : RHP Jesús Sosa
Batting: RHB Steve Sampson 0-0: Ball
1-0: Called Strike
1-1: Foul Ball, location: 2F
1-2: Ground out 5-3 (Groundball, 56S)
Batting: RHB Jason Blair 0-0: Ball
1-0: Ball
2-0: Foul Ball, location: 2F
2-1: Ball
3-1: Base on Balls
Batting: RHB Luis Miguel Sánchez 0-0: Fly out, F7 (Line Drive, 7)
Batting: SHB Ryan Holcomb 0-0: Ball
1-0: Ball
2-0: Foul Ball, location: 2F
2-1: Fielders Choice at 2nd, U6 (Groundball, 6M)
Top of the 2nd over - 0 runs, 0 hits, 0 errors, 1 left on base; Redwood City 0 - Texarkana 0
BOTTOM OF THE 2ND
Texarkana Bears batting - Pitching for Redwood City Redwoods : RHP Carlos Rodríguez
Batting: RHB Lu-fang Huie 0-0: Swinging Strike
0-1: Fly out, F8 (Flyball, 8LM)
Batting: RHB Gilberto López 0-0: Ball
1-0: Called Strike
1-1: Called Strike
1-2: Foul Ball, location: 2F
1-2: Ball
2-2: Foul Ball, location: 2F
2-2: Strikes out swinging
Batting: RHB Marvin Johnson 0-0: Fly out, F3 (Line Drive, 3)
Bottom of the 2nd over - 0 runs, 0 hits, 0 errors, 0 left on base; Redwood City 0 - Texarkana 0
TOP OF THE 3RD
Redwood City Redwoods batting - Pitching for Texarkana Bears : RHP Jesús Sosa
Batting: LHB Dave Lee 0-0: Called Strike
0-1: Called Strike
0-2: Foul Ball, location: 2F
0-2: Ball
1-2: SINGLE (Groundball, 4MD)
Batting: RHB Danny Boykins 0-0: Called Strike
0-1: Called Strike
0-2: Strikes out swinging
Batting: LHB Tim Ramsey 0-0: Fly out, F8 (Flyball, 8RD)
Batting: LHB Keith Green 0-0: Ball
Dave Lee steals 2nd base
1-0: Called Strike
1-1: 2-RUN HOME RUN (Flyball, 9LD), Distance : 376 ft
Batting: LHB Vicente Chávez 0-0: Ball
1-0: SINGLE (Line Drive, 34D)
Batting: RHB Steve Sampson 0-0: SINGLE (Line Drive, 3)
Vicente Chávez to second
Batting: RHB Jason Blair 0-0: Foul Ball, location: 2F
0-1: Swinging Strike
0-2: Foul Ball, location: 2F
0-2: Ball
1-2: Strikes out swinging
Top of the 3rd over - 2 runs, 4 hits, 0 errors, 2 left on base; Redwood City 2 - Texarkana 0
BOTTOM OF THE 3RD
Texarkana Bears batting - Pitching for Redwood City Redwoods : RHP Carlos Rodríguez
Batting: RHB Steve Garneys 0-0: Ground out 5-3 (Groundball, 5)
Batting: RHB Arturo Rodríguez 0-0: Swinging Strike
0-1: Fly out, F9 (Flyball, 89S)
Batting: RHB Kun Liu 0-0: Called Strike
0-1: Swinging Strike
0-2: Foul Ball, location: 2F
0-2: Ball
1-2: Ball
2-2: Ball
3-2: Strikes out swinging
Bottom of the 3rd over - 0 runs, 0 hits, 0 errors, 0 left on base; Redwood City 2 - Texarkana 0
TOP OF THE 4TH
Redwood City Redwoods batting - Pitching for Texarkana Bears : RHP Jesús Sosa
Batting: RHB Luis Miguel Sánchez 0-0: Ball
1-0: Ball
2-0: Fly out, F6 (Popup, 4MD)
Batting: SHB Ryan Holcomb 0-0: Bunted foul
0-1: Swinging Strike
0-2: Ball
1-2: DOUBLE (Line Drive, 9LM)
Pitching: RHP Fernando Guzmán
Batting: LHB Dave Lee 0-0: Ball
1-0: Foul Ball, location: 2F
1-1: Called Strike
1-2: Ball
2-2: Ball
3-2: Fly out, F9 (Flyball, 9S)
Batting: RHB Danny Boykins 0-0: Ball
1-0: Called Strike
1-1: Ball
2-1: Foul Ball, location: 2F
2-2: Foul Ball, location: 2F
2-2: Ball
3-2: Strikes out swinging
Top of the 4th over - 0 runs, 1 hit, 0 errors, 1 left on base; Redwood City 2 - Texarkana 0
BOTTOM OF THE 4TH
Texarkana Bears batting - Pitching for Redwood City Redwoods : RHP Carlos Rodríguez
Batting: LHB Alberto Medine 0-0: Ball
1-0: Fly out, F7 (Flyball, 78S)
Batting: RHB Jaime Delgado 0-0: Ball
1-0: Ground out 4-3 (Groundball, 4)
Batting: RHB Billy Campbell 0-0: Called Strike
0-1: Ball
1-1: SINGLE (Groundball, 6S) (infield hit)
Batting: RHB Lu-fang Huie 0-0: Called Strike
0-1: Swinging Strike
0-2: Ball
1-2: Ball
2-2: SINGLE (Groundball, 3) (infield hit)
Billy Campbell to second
Batting: RHB Gilberto López 0-0: Foul Ball, location: 2F
0-1: Ball
1-1: Ball
2-1: Foul Ball, location: 2F
2-2: Foul Ball, location: 2F
2-2: Ball
3-2: Base on Balls
Billy Campbell to third
Lu-fang Huie to second
Batting: RHB Marvin Johnson 0-0: Ball
1-0: Called Strike
1-1: Called Strike
1-2: Strikes out swinging
Bottom of the 4th over - 0 runs, 2 hits, 0 errors, 3 left on base; Redwood City 2 - Texarkana 0
TOP OF THE 5TH
Redwood City Redwoods batting - Pitching for Texarkana Bears : RHP Fernando Guzmán
Batting: LHB Tim Ramsey 0-0: SINGLE (Groundball, 34S) (infield hit)
Batting: LHB Keith Green 0-0: Foul Ball, location: 2F
0-1: Ball
1-1: Called Strike
1-2: Ball
2-2: Ball
3-2: Strikes out looking
Batting: LHB Vicente Chávez 0-0: Called Strike
0-1: Ball
1-1: Foul Ball, location: 2F
1-2: Ground out U3 (Groundball, 3L)
Tim Ramsey to second
Batting: RHB Steve Sampson 0-0: Called Strike
0-1: Swinging Strike
0-2: Strikes out looking
Top of the 5th over - 0 runs, 1 hit, 0 errors, 1 left on base; Redwood City 2 - Texarkana 0
BOTTOM OF THE 5TH
Texarkana Bears batting - Pitching for Redwood City Redwoods : RHP Carlos Rodríguez
Batting: RHB Steve Garneys 0-0: Ball
1-0: Ball
2-0: Ball
3-0: Base on Balls
Batting: RHB Arturo Rodríguez 0-0: Ball
1-0: Fly out, F9 (Flyball, 9S)
Batting: RHB Kun Liu 0-0: Called Strike
0-1: DOUBLE (Groundball, 3L)
Steve Garneys to third
Runner from 3rd tries for Home, SAFE, no throw
Batting: LHB Alberto Medine 0-0: Swinging Strike
0-1: Ball
1-1: Swinging Strike
1-2: Ball
2-2: Strikes out swinging
Batting: RHB Jaime Delgado 0-0: SINGLE (Flyball, 89M)
Kun Liu to third
Batting: RHB Billy Campbell 0-0: Ball
1-0: SINGLE (Groundball, 6MD)
Kun Liu scores
Jaime Delgado to second
Runner from 2nd tries for 3rd, OUT!
Bottom of the 5th over - 2 runs, 3 hits, 0 errors, 1 left on base; Redwood City 2 - Texarkana 2
TOP OF THE 6TH
Redwood City Redwoods batting - Pitching for Texarkana Bears : RHP Fernando Guzmán
Batting: RHB Jason Blair 0-0: Swinging Strike
0-1: DOUBLE (Line Drive, 8RD)
Batting: RHB Luis Miguel Sánchez 0-0: Called Strike
0-1: Ball
1-1: Ball
2-1: Fly out, F7 (Flyball, 7S)
Batting: SHB Ryan Holcomb 0-0: Ball
Jason Blair steals 3rd base
1-0: Foul Ball, location: 2F
1-1: Ball
2-1: Ground out 5-3 (Groundball, 25)
Batting: LHB Dave Lee 0-0: Called Strike
0-1: Ground out 5-3 (Groundball, 56)
Top of the 6th over - 0 runs, 1 hit, 0 errors, 1 left on base; Redwood City 2 - Texarkana 2
BOTTOM OF THE 6TH
Texarkana Bears batting - Pitching for Redwood City Redwoods : RHP Carlos Rodríguez
Batting: RHB Lu-fang Huie 0-0: Foul Ball, location: 2F
0-1: Ball
1-1: Foul Ball, location: 2F
1-2: Strikes out swinging
Batting: RHB Gilberto López 0-0: Ball
1-0: Ball
2-0: Ball
3-0: Called Strike
3-1: Base on Balls
Batting: RHB Marvin Johnson 0-0: Called Strike
Gilberto López steals 2nd base
0-1: Ball
1-1: Intentional Walk
Batting: RHB Steve Garneys 0-0: Ball
1-0: Grounds into double play, 5-4-3 (Groundball, 56)
Bottom of the 6th over - 0 runs, 0 hits, 0 errors, 1 left on base; Redwood City 2 - Texarkana 2
TOP OF THE 7TH
Redwood City Redwoods batting - Pitching for Texarkana Bears : RHP Fernando Guzmán
Batting: RHB Danny Boykins 0-0: Foul Ball, location: 2F
0-1: Ground out 6-3 (Groundball, 6M)
Batting: LHB Tim Ramsey 0-0: Ball
1-0: Foul Ball, location: 2F
1-1: Ground out 5-3 (Groundball, 2L)
Batting: LHB Keith Green 0-0: Ground out U3 (Groundball, 3S)
Top of the 7th over - 0 runs, 0 hits, 0 errors, 0 left on base; Redwood City 2 - Texarkana 2
BOTTOM OF THE 7TH
Texarkana Bears batting - Pitching for Redwood City Redwoods : RHP Carlos Rodríguez
Pinch Hitting: LHB Mark Thomas 0-0: Called Strike
0-1: Foul Ball, location: 2F
0-2: Fly out, F5 (Line Drive, 5S)
Pinch Hitting: RHB Roger Rush 0-0: Ball
1-0: Called Strike
1-1: Ball
2-1: Ball
3-1: Base on Balls
Batting: LHB Alberto Medine 0-0: Ball
1-0: Ball
2-0: Foul Ball, location: 2F
2-1: Ball
3-1: Base on Balls
Roger Rush to second
Pitching: RHP Ramiro Pińa
Pinch Hitting: LHB Tom Mullins 0-0: Foul Ball, location: 2F
0-1: Ball
1-1: Ball
2-1: Called Strike
Throwing error on steal attempt, E2
Roger Rush scores
Alberto Medine to third
2-2: Fly out, F7 (Flyball, 7LS)
Batting: RHB Billy Campbell 0-0: Swinging Strike
0-1: Ball
1-1: Ball
2-1: Called Strike
2-2: Foul Ball, location: 2F
2-2: Ball
3-2: Foul Ball, location: 2F
3-2: Base on Balls
Batting: RHB Lu-fang Huie 0-0: Called Strike
0-1: Ball
1-1: Ball
2-1: Called Strike
2-2: Foul Ball, location: 2F
2-2: Strikes out looking
Bottom of the 7th over - 1 run, 0 hits, 1 error, 2 left on base; Redwood City 2 - Texarkana 3
TOP OF THE 8TH
Redwood City Redwoods batting - Pitching for Texarkana Bears : RHP Fernando Guzmán
Pitching: RHP Dave Hammond
Now at 2B: Franklin Lawrence
Now at 3B: Roger Rush
Now in CF: Sadao Kimura
Batting: LHB Vicente Chávez 0-0: Ball
1-0: Swinging Strike
1-1: Ball
2-1: Called Strike
2-2: Strikes out looking
Batting: RHB Steve Sampson 0-0: Called Strike
0-1: Ball
1-1: Swinging Strike
1-2: Strikes out swinging
Batting: RHB Jason Blair 0-0: Called Strike
0-1: Foul Ball, location: 2F
0-2: SINGLE (Line Drive, 34D)
Batting: RHB Luis Miguel Sánchez 0-0: Ball
1-0: Foul Ball, location: 2F
1-1: Ball
Jason Blair steals 2nd base
2-1: Ground out 4-3 (Groundball, 34)
Top of the 8th over - 0 runs, 1 hit, 0 errors, 1 left on base; Redwood City 2 - Texarkana 3
BOTTOM OF THE 8TH
Texarkana Bears batting - Pitching for Redwood City Redwoods : RHP Ramiro Pińa
Batting: RHB Gilberto López 0-0: Ball
1-0: Foul Ball, location: 2F
1-1: Ball
2-1: Ball
3-1: Foul Ball, location: 2F
3-2: Base on Balls
Batting: RHB Marvin Johnson 0-0: Foul Ball, location: 2F
0-1: Ball
1-1: Ball
2-1: Foul Ball, location: 2F
2-2: Foul Ball, location: 2F
2-2: Strikes out swinging
Pinch Hitting: RHB Michael Barraclough 0-0: Ball
1-0: Fly out, F9 (Flyball, 89M)
Batting: RHB Sadao Kimura Pickoff Throw to First - Error! E1
Gilberto López to second
0-0: Ball
1-0: Ball
2-0: Called Strike
2-1: Called Strike
2-2: Strikes out swinging
Bottom of the 8th over - 0 runs, 0 hits, 1 error, 1 left on base; Redwood City 2 - Texarkana 3
TOP OF THE 9TH
Redwood City Redwoods batting - Pitching for Texarkana Bears : RHP Dave Hammond
Pitching: RHP Kosami Tagawa
Now at SS: Cam Flowers
Batting: SHB Ryan Holcomb 0-0: Called Strike
0-1: Ball
1-1: Ball
2-1: Fly out, F9 (Flyball, 9D)
Batting: LHB Dave Lee 0-0: Called Strike
0-1: Foul Ball, location: 2F
0-2: Ball
1-2: Ball
2-2: Ball
3-2: Base on Balls
Pinch Hitting: RHB Joe Noble 0-0: Ball
1-0: Called Strike
1-1: Ball
2-1: Ball
3-1: Base on Balls
Dave Lee to second
Batting: LHB Tim Ramsey 0-0: Called Strike
0-1: Foul Ball, location: 2F
0-2: Ball
1-2: Fly out, F8 (Flyball, 8RS)
Batting: LHB Keith Green 0-0: Ball
1-0: Ball
2-0: Swinging Strike
2-1: Called Strike
2-2: Foul Ball, location: 2F
2-2: Foul Ball, location: 2F
2-2: Ball
3-2: Base on Balls
Dave Lee to third
Joe Noble to second
Batting: LHB Vicente Chávez 0-0: Ball
1-0: Called Strike
1-1: Called Strike
1-2: Ball
2-2: Ground out 4-3 (Groundball, 4)
Top of the 9th over - 0 runs, 0 hits, 0 errors, 3 left on base; Redwood City 2 - Texarkana 3
Saturday, April 7th, 2018 - OOTP Baseball 18.8 Build 76